 Dungeon Crawl Stone Soup version 0.28-a0-1412-gf95308ed99 (webtiles) character file.

Game seed: 1623555148677782725

57 riojii the Skirmisher (level 3, -5/29 HPs)
             Began as a Demonspawn Berserker on Jan 6, 2022.
             Was a Follower of Trog.
             Slain by a gnoll (10 damage)
             ... on level 3 of the Dungeon.
             The game lasted 00:04:37 (2077 turns).

riojii the Skirmisher (Demonspawn Berserker)        Turns: 2077, Time: 00:04:38

Health: -5/29      AC:  8    Str: 19    XL:     3   Next: 73%
Magic:  3/3        EV:  8    Int:  8    God:    Trog [*.....]
Gold:   76         SH:  0    Dex: 12    Spells: 2/2 levels left

rFire   . . .      SeeInvis .     - Unarmed
rCold   . . .      Faith    .   (no shield)
rNeg    . . .      Spirit   .   h - +0 chain mail
rPois   .          Reflect  .   (no helmet)
rElec   .          Harm     .   (no cloak)
rCorr   +          Rampage  .   (no gloves)
Will    .....                   (no boots)
Stlth   ..........              (no amulet)
HPRegen 0.09/turn               b - ring of resist corrosion
MPRegen 0.08/turn               (no ring)

@: on berserk cooldown, slowed, very slow
A: powered by death 1, demonic magic 1
a: Renounce Religion, Berserk


You were on level 3 of the Dungeon.
You worshipped Trog.
Trog was aware of your devotion.
You visited 1 branch of the dungeon, and saw 3 of its levels.

You collected 76 gold pieces.

Inventory:

Armour
 h - a +0 chain mail (worn)
Jewellery
 b - a ring of resist corrosion (left hand)
Wands
 i - a wand of iceblast (12)
Scrolls
 c - a scroll of magic mapping {unknown}
 g - 2 scrolls of identify {unknown}
 k - a scroll of amnesia {unknown}
Potions
 a - a potion of might {unknown}
 d - a potion of degeneration {unknown}
 e - a potion of haste {unknown}
 f - a potion of magic {unknown}
 j - a potion of heal wounds {unknown}
 l - a potion of lignification {unknown}


   Skills:
 + Level 3.4 Fighting
 + Level 2.4 Armour
 + Level 2.3 Dodging
 + Level 3.1 Unarmed Combat


You had 2 spell levels left.
You didn't know any spells.
Your spell library was empty.

Dungeon Overview and Level Annotations

Branches:
Dungeon (3/15)

Altars:

Shops:
D:2 !


Innate Abilities, Weirdness & Mutations

You regenerate a little health from kills.
Spells you cast may paralyse adjacent enemies.


Message History

You enter the shallow water.
Moving in this stuff is going to be slow.
Done exploring.
Done exploring.
There is a stone staircase leading up here.
There is a stone staircase leading down here.
You climb downwards.
The gnoll shouts! x4; You hear a shout!
Found a stone staircase leading up.
There is a stone staircase leading up here.
Found a stone staircase leading down.
The gnoll throws a throwing net.
The throwing net hits you.
You become entangled in the net!
You see here a throwing net.
A red film seems to cover your vision as you go berserk!
You feel yourself moving faster!
You feel mighty!
You can no longer call upon Trog for regeneration and willpower.
You struggle against the net.
You feel a strong urge to attack something.
You tear a large gash into the net.
The gnoll hits you with a +0 club. x2
The gnoll hits you from afar with a +0 spear.
The gnoll hits you with a +0 flail.
A goblin comes into view. It is wielding a +0 dagger.
You rip the net and break free!
You feel your anger nearly subside. The gnoll barely misses you. x2
You barely miss the gnoll. The gnoll hits you but does no damage.
The gnoll hits you with a +0 flail.
You hit the gnoll.
The gnoll is lightly wounded.
You are no longer berserk.
You are exhausted.
You feel yourself slow down. The gnoll hits you with a +0 club. x2
The gnoll hits you from afar with a +0 spear.
* * * LOW HITPOINT WARNING * * *
Okay, then.
You closely miss the gnoll.
The gnoll is lightly wounded.
The gnoll hits you but does no damage. The gnoll barely misses you.
The gnoll hits you with a +0 flail!
You die...

#...........
#...<.......
#...........
#...........
#...........
#.....g.....
#..gg......
#<@gg.#
####......
..... ...>
... .. .


You could see 4 gnolls and a goblin.

Vanquished Creatures
  An adder (D:2)
  A worm (D:2)
  A dart slug (D:1)
  5 endoplasms (D:1)
  5 hobgoblins
  4 jackals (D:2)
  4 kobolds (D:1)
  A quokka (D:1)
  3 ball pythons
  3 bats (D:1)
  3 frilled lizards
  4 goblins
  6 rats
41 creatures vanquished.

Notes
Turn   | Place    | Note
-------+----------+-------------------------------------------
     0 | D:1      | riojii the Demonspawn Berserker began the quest for the
                  | Orb.
     0 | D:1      | Reached XP level 1. HP: 18/18 MP: 1/1
   294 | D:1      | Gained mutation: You regenerate a little health from kills.
                  | [demonic ancestry]
   294 | D:1      | Reached XP level 2. HP: 19/24 MP: 2/2
   893 | D:1      | Gained mutation: Spells you cast may paralyse adjacent
                  | enemies. [demonic ancestry]
   893 | D:1      | Reached XP level 3. HP: 29/29 MP: 3/3
  1601 | D:2      | Found a faded altar of an unknown god.
  1886 | D:2      | Found Foocalal's Distillery.
  1945 | D:2      | Reached ** piety under Trog
  2077 | D:3      | Slain by a gnoll

Illustrated notes

Levels and vault maps discovered:
D:1:      wander_arrival_fairy_ring, layout_loops_ring
D:2:      cheibrodos_helix_gallery, layout_basic, serial_shops,
          nicolae_diamond_shop, basic_ecumenical_altar,
          chequers_serial_rivers_micro_b
D:3:      layout_rooms, grunt_temple_overflow_gold_and_silver, uniq_natasha

Skill      XL: |  1  2 |
---------------+-------+-----
Armour         | 2 |  2.4
Dodging        | 2 |  2.3
Unarmed Combat | 3 |  3.1
Fighting       | |  3.4

Action                   || total
-------------------------++-------
Melee: Unarmed           ||   146
       Punch             ||     3
Invok: Berserk           ||     7
Armor: Animal skin       ||    29
       Chain mail        ||    11
Dodge: Dodged            ||   114

Table legend: (Time is in decaauts)
 A = Elapsed time spent in this place.
 B = Non-inter-level travel time spent in this place.
 C = Inter-level travel time spent in this place.
 D = Time resting spent in this place.
 E = Time spent auto-exploring this place.
 F = Levels seen in this place.
 G = Mean time per level.
                   A        B        C        D        E       F      G
               +--------+--------+--------+--------+--------+-----+--------+
         Total |   2127 |   2127 |      0 |    424 |   1236 |   3 |  709.0 |
       Dungeon |   2127 |   2127 |      0 |    424 |   1236 |   3 |  709.0 |
               +--------+--------+--------+--------+--------+-----+--------+

Top non-repeatable levels by time:
     D:1: 1179 daAuts
     D:2: 941 daAuts
     D:3: 5 daAuts
